 Dungeon Crawl Stone Soup version 0.32-a0-913-g739538afd8 (webtiles) character file.

Game seed: 17160503723607070889

371 Adrian566 the Slasher (level 6, -8/46 HPs)
             Began as a Demonspawn Gladiator on Apr 8, 2024.
             Mangled by Edmund
             ... wielding a +5 heavy flail
              (19 damage)
             ... on level 4 of the Dungeon.
             The game lasted 00:02:49 (2601 turns).

Adrian566 the Slasher (Demonspawn Gladiator)        Turns: 2601, Time: 00:02:50

Health: -8/46      AC:  6    Str: 14    XL:     6   Next: 42%
Magic:  6/6        EV: 12    Int:  8    God:
Gold:   116        SH:  4    Dex: 17    Spells: 5/5 levels left

rFire   . . .        a - +1 long sword
rCold   . . .        (no shield)
rNeg    . . .        b - +0 leather armour
rPois   .            c - +0 helmet
rElec   .            (no cloak)
rCorr   .            (no gloves)
SInv    .            (no boots)
Will    .....        (no amulet)
Stlth   ++           (no ring)
HPRegen 0.27/turn    (no ring)
MPRegen 0.10/turn

%: no passive effects
@: no status effects
A: hooves 1, molten scales 1, condensation shield, mutation resistance 1
a: no special abilities


You were on level 4 of the Dungeon.
You visited 1 branch of the dungeon, and saw 4 of its levels.

You collected 116 gold pieces.

Inventory:

Hand Weapons
 a - a +1 long sword (weapon)
Missiles
 d - 3 throwing nets (quivered)
 e - 5 javelins
Armour
 b - a +0 leather armour (worn)
 c - a +0 helmet (worn)
Scrolls
 h - a scroll of blinking
 i - 3 scrolls of immolation
 k - a scroll of vulnerability
Potions
 f - a potion of magic


   Skills:
 + Level 2.9 Fighting
 + Level 4.6 Long Blades
 + Level 2.0 Throwing
 + Level 2.1 Armour
 + Level 3.7 Dodging
 + Level 1.1 Stealth
 + Level 1.0 Shields


You had 5 spell levels left.
You didn't know any spells.
Your spell library was empty.

Dungeon Overview and Level Annotations

Branches:
Dungeon (4/15)
 Temple: D:4-7

Altars:

Shops:
D:3 [

Annotations:
D:4 Edmund


Innate Abilities, Weirdness & Mutations

You have large cloven feet.
You are partially covered in molten scales. (AC +2)
A meltable shield of frost defends you. (SH +4)
You are somewhat resistant to further mutation.


Message History

Your +0 long sword glows red for a moment.
Items here: ) ††††.
A kobold comes into view. It is wielding a +0 club.
The kobold shouts!
The kobold hits you with a +0 club.
You slash the kobold!
You kill the kobold!
Edmund the Younger comes into view.
He is wielding a +5 heavy flail.
Edmund shouts!
Things that are here:
a +0 club; a kobold corpse
Found a stone staircase leading down.
Edmund barely misses you.
You hit Edmund.
Edmund is lightly wounded.
Edmund hits you with a +5 heavy flail!
You hit Edmund but do no damage.
Edmund is lightly wounded.
It was a potion of curing.
You feel better. Edmund closely misses you.
You hit Edmund.
Edmund is lightly wounded.
Edmund hits you with a +5 heavy flail!
You barely miss Edmund. You kick Edmund.
Edmund is moderately wounded.
You block Edmund's attack.
You hit Edmund but do no damage.
Edmund is moderately wounded.
You hit Edmund. You kick Edmund, but do no damage.
Edmund is moderately wounded.
You hear the slow rusting of a very distant drain.
Edmund hits you with a +5 heavy flail!
You hit Edmund. You kick Edmund.
Edmund is moderately wounded.
Edmund hits you with a +5 heavy flail!
* * * LOW HITPOINT WARNING * * *
You slash Edmund! Your kick misses Edmund.
Edmund is heavily wounded.
Edmund hits you with a +5 heavy flail!!
You die...
Edmund whines, "They better pay attention to me now!"

### .>#
#.# #.#
#.# #.#
#@# #@#
#.# #.#
.......#
#)#
.......#
#.#
......#
#.#
.....
#.#
###..##
#.#
#.....#
#)#


You could see Edmund.

Vanquished Creatures
  A black bear (D:3)
  A scorpion (D:4)
  A jelly (D:3)
  A hound (D:3)
  An orc wizard (D:3)
  6 adders
  A ribbon worm (D:2)
  6 orcs (D:3)
  8 bats
  8 endoplasms
  2 giant cockroaches (D:1)
  5 goblins
  5 hobgoblins
  5 jackals
  5 quokkas
  6 ball pythons
  4 frilled lizards
  7 kobolds
  10 rats
83 creatures vanquished.

Notes
Turn   | Place    | Note
-------+----------+-------------------------------------------
     0 | D:1      | Adrian566 the Demonspawn Gladiator began the quest for the
                  | Orb.
     0 | D:1      | Reached XP level 1. HP: 16/16 MP: 1/1
   160 | D:1      | Reached skill level 3 in Long Blades
   161 | D:1      | Gained mutation: A meltable shield of frost defends you.
                  | (SH +4) [demonic ancestry]
   161 | D:1      | Reached XP level 2. HP: 15/22 MP: 2/2
   509 | D:1      | You fall into a shaft and drop 1 floor!
   534 | D:2      | Reached XP level 3. HP: 27/27 MP: 3/3
  1357 | D:2      | Reached skill level 1 in Armour
  1426 | D:3      | Noticed a black bear
  1428 | D:3      | Gained mutation: You are somewhat resistant to further
                  | mutation. [potion of mutation]
  1438 | D:3      | Killed a black bear
  1439 | D:3      | Reached skill level 4 in Long Blades
  1439 | D:3      | Gained mutation: You have large cloven feet. [demonic
                  | ancestry]
  1439 | D:3      | Reached XP level 4. HP: 26/34 MP: 4/4
  1439 | D:3      | Reached XP level 5. HP: 30/39 MP: 5/5
  1716 | D:3      | Found Orphiopha's Antique Armour Shop.
  1804 | D:3      | Found a faded altar of an unknown god.
  1889 | D:3      | Reached skill level 1 in Stealth
  2146 | D:3      | Reached skill level 1 in Shields
  2146 | D:3      | Gained mutation: You are partially covered in molten
                  | scales. (AC +2) [demonic ancestry]
  2146 | D:3      | Reached XP level 6. HP: 40/46 MP: 6/6
  2589 | D:4      | Noticed Edmund
  2601 | D:4      | Mangled by Edmund

Illustrated notes

Levels and vault maps discovered:
D:1:      nzn_arrival_water_spiral, layout_basic
D:2:      layout_rooms, basic_altar
D:3:      layout_loops_ring, nicolae_ecumenical_snake_handling, serial_shops,
          nicolae_shop_tiny_real_fake_doors
D:4:      layout_basic, bloody_makhleb, minitemple,
          minmay_temple_entry_statues_fountains, cheibrodos_sewer_entry_drain,
          uniq_edmund

Skill      XL: |  1  2  3  4  5 |
---------------+----------------+-----
Long Blades    | 3 4 |  4.6
Throwing       | 2 |  2.0
Dodging        | 3 |  3.7
Armour         | 1 2 |  2.1
Stealth        | 1 |  1.1
Shields        | 1 |  1.0
Fighting       | |  2.9

Action                     |  1- 3 |  4- 6 || total
---------------------------+-------+-------++-------
  Melee: Long sword        |   126 |   114 ||   240
         Kick              |       |    28 ||    28
    Use: Scroll            |     3 |     3 ||     6
         Potion            |     3 |     1 ||     4
   Stab: Sleeping          |     1 |     1 ||     2
 Armour: Leather armour    |   105 |    70 ||   175
         Skin              |    24 |     4 ||    28
  Dodge: Dodged            |   105 |    76 ||   181
  Block: Other             |    35 |    22 ||    57

Table legend: (Time is in decaauts)
 A = Elapsed time spent in this place.
 B = Non-inter-level travel time spent in this place.
 C = Inter-level travel time spent in this place.
 D = Time resting spent in this place.
 E = Time spent auto-exploring this place.
 F = Levels seen in this place.
 G = Mean time per level.
                   A        B        C        D        E       F      G
               +--------+--------+--------+--------+--------+-----+--------+
         Total |   2653 |   2592 |     61 |    102 |   1922 |   4 |  663.2 |
       Dungeon |   2653 |   2592 |     61 |    102 |   1922 |   4 |  663.2 |
               +--------+--------+--------+--------+--------+-----+--------+

Top non-repeatable levels by time:
     D:3: 1045 daAuts
     D:1: 857 daAuts
     D:2: 597 daAuts
     D:4: 153 daAuts
